 Dungeon Crawl Stone Soup version 0.28.0-53-g5a82cb258f (webtiles) character file.

Game seed: 2292325473466007450

1409 DocClef the Chiller (level 8, 0/58 HPs)
             Began as a Gnoll Ice Elementalist on July 10, 2022.
             Was an Initiate of Ashenzari.
             Slain by a hornet zombie (4 damage)
             ... on level 6 of the Dungeon.
             The game lasted 00:11:27 (6244 turns).

DocClef the Chiller (Gnoll Ice Elementalist)        Turns: 6244, Time: 00:11:27

Health: 0/58       AC: 11    Str:  7 (8)  XL:     8   Next: 70%
Magic:  8/15       EV: 14    Int: 15 (17) God:    Ashenzari [......]
Gold:   280        SH:  4    Dex: 11 (12) Spells: 11/19 levels left

rFire   x . .      SeeInvis .   f - +2 dagger of the Profound Seeker {venom, Elem, Cun} (curse)
rCold   + . .      Faith    .   (no shield)
rNeg    . . .      Spirit   .   a - +0 robe
rPois   .          Reflect  .   (no helmet)
rElec   .          Harm     .   (no cloak)
rCorr   .          Rampage  .   k - +0 pair of gloves
Will    .....                   (no boots)
Stlth   +++.......              p - amulet of the acrobat
HPRegen 0.19/turn               m - ring of wizardry
MPRegen 0.14/turn               s - ring of ice

@: ice-armoured, freezing walls, attractive, flying
A: fangs 1, strong nose, distributed training, large bone plates 1, low MP 1
a: Renounce Religion, Shatter the Chains


You were on level 6 of the Dungeon.
You worshipped Ashenzari.
Ashenzari was noncommittal.
You visited 2 branches of the dungeon, and saw 8 of its levels.

You collected 280 gold pieces.

Inventory:

Hand Weapons
 f - the cursed +2 dagger of the Profound Seeker (weapon) {venom, Elem, Cun}
   (You took it off a kobold on level 1 of the Dungeon)

   It poisons the flesh of those it strikes.
   It has a curse which improves the following skills: Elements: Fire Magic, Ice
   Magic, Air Magic and Earth Magic.
   Cunning:   Dodging and Stealth.
Missiles
 z - 4 curare-tipped darts
Armour
 a - a +0 robe (worn)
 k - a +0 pair of gloves (worn)
Jewellery
 d - a +6 ring of dexterity
 m - a ring of wizardry (left hand)
 p - an amulet of the acrobat (around neck)
 s - a ring of ice (right hand)
Wands
 q - a wand of polymorph (4)
 t - a wand of paralysis (3)
 y - a wand of iceblast (10)
 C - a wand of flame (17)
Scrolls
 b - 5 scrolls of identify {unknown}
 c - a scroll of noise {unknown}
 e - a scroll of brand weapon {unknown}
 h - 3 scrolls of teleportation {unknown}
 l - a scroll of immolation {unknown}
 o - a scroll of enchant weapon {unknown}
 r - a scroll of magic mapping {unknown}
 v - a scroll of fear {unknown}
 A - a scroll of amnesia {unknown}
 B - a scroll of enchant armour {unknown}
Potions
 g - a potion of haste
 n - a potion of mutation


   Skills:
 + Level 3.5 Fighting
 + Level 3.5 Short Blades
 + Level 3.5 Long Blades
 + Level 3.5 Axes
 + Level 3.5 Maces & Flails
 + Level 3.5 Polearms
 + Level 3.5 Staves
 + Level 3.5 Slings
 + Level 3.5 Bows
 + Level 3.5 Crossbows
 + Level 3.5 Throwing
 + Level 3.5 Armour
 + Level 5.8(6.2) Dodging
 + Level 5.5(5.9) Stealth
 + Level 3.5 Shields
 + Level 3.5 Unarmed Combat
 + Level 6.1 Spellcasting
 + Level 2.8 Conjurations
 + Level 2.8 Hexes
 + Level 2.8 Summonings
 + Level 2.8 Necromancy
 + Level 2.8 Translocations
 + Level 2.8 Transmutations
 + Level 2.8(3.2) Fire Magic
 + Level 7.7(8.2) Ice Magic
 + Level 2.8(3.2) Air Magic
 + Level 2.8(3.2) Earth Magic
 + Level 2.8 Poison Magic
 + Level 3.8 Invocations
 + Level 3.5 Evocations


You had 11 spell levels left.
You knew the following spells:

 Your Spells              Type           Power      Damage    Failure   Level
a - Freeze                Ice            100%       1d11      1%          1
b - Frozen Ramparts       Ice            86%        1d10      1%          3
c - Ozocubu's Armour      Ice            43%        N/A       1%          3
d - Foxfire               Conj/Fire      52%        2x1d6     1%          1

Your spell library contained the following spells:

 Spells                   Type           Power      Damage    Failure   Level
 Animate Skeleton         Necr           26%        N/A       1%          1
 Pain                     Necr           52%        1d6       1%          1
 Slow                     Hex            52%        N/A       1%          1
 Sublimation of Blood     Necr           13%        N/A       2%          2
 Wereblood                Tmut           13%        N/A       2%          2
 Conjure Flame            Conj/Fire      13%        6-21      4%          3
 Inner Flame              Hex/Fire       13%        N/A       4%          3
 Call Canine Familiar     Summ           13%        N/A       5%          3
 Confusing Touch          Hex            13%        N/A       5%          3
 Portal Projectile        Hex/Tloc       26%        N/A       5%          3
 Vampiric Draining        Necr           13%        2d6       5%          3
 Hailstorm                Conj/Ice       31%        3d8       6%          4
 Flame Wave               Conj/Fire      13%        2d6       16%         4
 Leda's Liquefaction      Hex/Erth       6%         N/A       16%         4
 Summon Hydra             Summ           6%         N/A       100%        7


Dungeon Overview and Level Annotations

Branches:
Dungeon (7/15)             Temple (1/1) D:4

Altars:
Ashenzari
Cheibriados
Dithmenos
Elyvilon
Fedhas
Gozag
Hepliaklqana
Kikubaaqudgha
Okawaru
Qazlal
Ru
Sif Muna
Trog
Uskayaw
Wu Jian
Xom
Yredelemnul
Zin
The Shining One

Annotations:
D:6 1 runed translucent door, Crazy Yiuf
D:7 3 runed translucent doors, bchevrier's ghost, novice GnWn


Innate Abilities, Weirdness & Mutations

You have very sharp teeth.
Your uncanny sense of smell can sniff out nearby items.
Your experience applies equally to all skills.
You are partially covered in large bone plates. (SH +4)
Your magical capacity is low. (-10% MP)


Message History

You conjure some foxfire!
The hornet zombie hits you!
* * * LOW HITPOINT WARNING * * *
Your foxfire dissipates!
The foxfire hits the hornet zombie.
The hornet zombie is heavily damaged.
Casting: Foxfire (safe; 1% risk of failure)
Confirm with . or Enter, or press ? or * to list all spells.
You feel a surge of power! A film of ice covers your body!
Casting: Ozocubu's Armour (safe; 1% risk of failure)
Confirm with . or Enter, or press ? or * to list all spells.
Casting: Frozen Ramparts (safe; 1% risk of failure)
Press: ? - help, Dir - look around, f - activate You feel a surge of power!
The walls around you are covered in ice.
The hornet zombie resists.
The wall freezes the hornet zombie.
The hornet zombie barely misses you.
You barely miss the hornet zombie.
You bite the hornet zombie, but do no damage.
The hornet zombie is heavily damaged.
The hornet zombie completely resists.
The wall freezes the hornet zombie but does no damage.
The hornet zombie hits you.
* * * LOW HITPOINT WARNING * * *
Okay, then.
You hit the hornet zombie but do no damage.
The hornet zombie is heavily damaged.
The hornet zombie resists.
The wall freezes the hornet zombie.
The hornet zombie hits you but does no damage.
You hit the hornet zombie.
The hornet zombie is heavily damaged.
You feel yourself slow down.
The hornet zombie completely resists.
The wall freezes the hornet zombie but does no damage.
The hornet zombie hits you but does no damage.
You hit the hornet zombie.
You bite the hornet zombie, but do no damage.
The hornet zombie is severely damaged.
The hornet zombie resists.
The wall freezes the hornet zombie.
The hornet zombie hits you.
You die...

....... ##....# #..... .......
##..#### ##.#### ....... ###...#
###..# .......## #....## #.†.##
........###(##.# ###...#####
...............# ###.........#
....<.......#########...#####...#
...........#####.........####...#
..........)))..Z@######..##...#..
.........#..###### ###.###.#....
.........##..# .##....#.(..###
.............# ..............# #
...[.........# ......##..#†..###
..[.##.###..# .....###..#...##.
... .. #... ..........#......
##... ......##......##.
.................


You could see a hornet zombie.

Vanquished Creatures
  Prince Ribbit (D:7)
  A sky beast (D:7)
  A black bear (D:4)
  2 centaurs (D:7)
  A kobold brigand (D:7)
  A bullfrog (D:6)
  A bullfrog zombie (D:6)
  An orc priest (D:6)
  2 gnoll shamans (D:7)
  A hound (D:7)
  3 centaur skeletons
  Ijyb (D:5)
  4 orc wizards
  An iguana (D:5)
  A killer bee zombie (D:6)
  A howler monkey zombie (D:7)
  A howler monkey skeleton (D:7)
  10 adders
  11 gnolls
  An ufetubus (D:7)
  3 adder skeletons
  2 dart slugs
  7 orcs
  9 ball pythons
  5 bats
  6 endoplasms
  13 giant cockroaches
  2 goblins
  5 hobgoblins
  8 jackals
  3 quokkas
  6 frilled lizards
  14 kobolds
  5 rats
134 creatures vanquished.

Vanquished Creatures (others)
  An orc wizard (D:4)
  13 foxfires
  A fungus (D:1)
15 creatures vanquished.

Grand Total: 149 creatures vanquished

Notes
Turn   | Place    | Note
-------+----------+-------------------------------------------
     0 | D:1      | DocClef the Gnoll Ice Elementalist began the quest for the
                  | Orb.
     0 | D:1      | Reached XP level 1. HP: 13/13 MP: 6/6
   292 | D:1      | Reached XP level 2. HP: 19/19 MP: 4/7
   376 | D:1      | Found a faded altar of an unknown god.
  1274 | D:1      | Reached XP level 3. HP: 25/25 MP: 9/9
  1350 | D:2      | Reached skill level 5 in Spellcasting
  1458 | D:2      | Reached skill level 1 in Invocations
  1584 | D:2      | Reached skill level 1 in Fighting
  1584 | D:2      | Reached skill level 1 in Short Blades
  1584 | D:2      | Reached skill level 1 in Long Blades
  1584 | D:2      | Reached skill level 1 in Axes
  1584 | D:2      | Reached skill level 1 in Maces & Flails
  1584 | D:2      | Reached skill level 1 in Polearms
  1584 | D:2      | Reached skill level 1 in Staves
  1584 | D:2      | Reached skill level 1 in Slings
  1584 | D:2      | Reached skill level 1 in Bows
  1584 | D:2      | Reached skill level 1 in Crossbows
  1584 | D:2      | Reached skill level 1 in Throwing
  1584 | D:2      | Reached skill level 1 in Armour
  1584 | D:2      | Reached skill level 1 in Shields
  1584 | D:2      | Reached skill level 1 in Unarmed Combat
  1584 | D:2      | Reached skill level 1 in Evocations
  1671 | D:2      | Reached XP level 4. HP: 32/32 MP: 11/11
  2328 | D:3      | Learned a level 3 spell: Frozen Ramparts
  2332 | D:3      | Learned a level 3 spell: Ozocubu's Armour
  2334 | D:3      | Learned a level 1 spell: Foxfire
  2497 | D:3      | Reached skill level 1 in Conjurations
  2497 | D:3      | Reached skill level 1 in Hexes
  2497 | D:3      | Reached skill level 1 in Summonings
  2497 | D:3      | Reached skill level 1 in Necromancy
  2497 | D:3      | Reached skill level 1 in Translocations
  2497 | D:3      | Reached skill level 1 in Transmutations
  2497 | D:3      | Reached skill level 1 in Fire Magic
  2497 | D:3      | Reached skill level 1 in Air Magic
  2497 | D:3      | Reached skill level 1 in Earth Magic
  2497 | D:3      | Reached skill level 1 in Poison Magic
  3061 | D:4      | Reached XP level 5. HP: 37/37 MP: 12/12
  3532 | D:4      | Found a staircase to the Ecumenical Temple.
  3550 | D:4      | Reached XP level 6. HP: 44/44 MP: 13/13
  3583 | Temple   | Entered the Ecumenical Temple
  3649 | Temple   | Became a worshipper of Ashenzari the Shackled
  3680 | D:4      | Noticed a black bear
  3684 | D:4      | Killed a black bear
  3685 | D:4      | Reached skill level 5 in Dodging
  4077 | D:4      | Found a sacrificial altar of Ru.
  4123 | D:4      | Found a shimmering blue altar of Sif Muna.
  4123 | D:4      | Found a shadowy altar of Dithmenos.
  4299 | D:5      | Entered Level 5 of the Dungeon
  4320 | D:5      | Noticed Ijyb
  4323 | D:5      | Paralysed by Ijyb for 7 turns
  4340 | D:5      | Killed Ijyb
  4549 | D:5      | Reached XP level 7. HP: 50/50 MP: 8/15
  4917 | D:5      | You fall into a shaft and drop 2 floors!
  5260 | D:7      | Noticed Prince Ribbit
  5268 | D:7      | Killed Prince Ribbit
  5269 | D:7      | Reached skill level 5 in Stealth
  5308 | D:7      | Reached XP level 8. HP: 57/57 MP: 10/16
  5753 | D:7      | Found a hide-covered altar of Uskayaw.
  5753 | D:7      | Found a glowing golden altar of the Shining One.
  5753 | D:7      | Found a snail-covered altar of Cheibriados.
  5979 | D:7      | Found a runed translucent gate.
  5979 | D:7      | Found a runed translucent gate.
  5979 | D:7      | Found a runed translucent gate.
  5980 | D:7      | Found an opulent altar of Gozag.
  5982 | D:7      | Noticed bchevrier's ghost (novice GnWn)
  5983 | D:7      | Noticed a troll
  6122 | D:6      | Found a runed translucent door.
  6123 | D:6      | Noticed Crazy Yiuf
  6219 | D:6      | Gained mutation: Your magical capacity is low. (-10% MP)
                  | [potion of mutation]
  6219 | D:6      | Gained mutation: Your flesh is cold resistant. (rC+)
                  | [potion of mutation]
  6219 | D:6      | Lost mutation: Your flesh is cold resistant. (rC+) [potion
                  | of mutation]
  6219 | D:6      | Gained mutation: You are partially covered in large bone
                  | plates. (SH +4) [potion of mutation]
  6244 | D:6      | Slain by a hornet zombie

Illustrated notes

Levels and vault maps discovered:
D:1:      dpeg_arrival_round_a, layout_basic,
          shapermc_ecumenical_altar_mp_urbaneastern
D:2:      layout_basic
D:3:      minmay_roachtagon, layout_basic, minmay_misc_feat_tiny,
          minmay_distorted
D:4:      layout_loops_ring, mainiacjoe_overflow_divided_tiny,
          mainiacjoe_overflow_alcove_1, minmay_temple_entry_offerings,
          grunt_ministairs_1, kennysheep_small_circle
D:5:      layout_rooms, uniq_ijyb
D:6:      layout_rooms, serial_shops, shop, minmay_misc_feat_square,
          uniq_crazy_yiuf_cottage
D:7:      layout_basic, gammafunk_temple_overflow_claw, ebering_ghost_gozag,
          uniq_prince_ribbit1
Temple:   nicolae_temple_god_jail

Skill      XL: |  1  2  3  4  5  6  7  8 |
---------------+-------------------------+-----
Spellcasting   | 5 6 |  6.1
Invocations    | 1 2 3 |  3.8
Fighting       | 1 2 3 |  3.5
Short Blades   | 1 2 3 |  3.5
Long Blades    | 1 2 3 |  3.5
Axes           | 1 2 3 |  3.5
Maces & Flails | 1 2 3 |  3.5
Polearms       | 1 2 3 |  3.5
Staves         | 1 2 3 |  3.5
Slings         | 1 2 3 |  3.5
Bows           | 1 2 3 |  3.5
Crossbows      | 1 2 3 |  3.5
Throwing       | 1 2 3 |  3.5
Armour         | 1 2 3 |  3.5
Shields        | 1 2 3 |  3.5
Unarmed Combat | 1 2 3 |  3.5
Evocations     | 1 2 3 |  3.5
Conjurations   | 1 2 |  2.8
Hexes          | 1 2 |  2.8
Summonings     | 1 2 |  2.8
Necromancy     | 1 2 |  2.8
Translocations | 1 2 |  2.8
Transmutations | 1 2 |  2.8
Fire Magic     | 1 2 |  2.8
Air Magic      | 1 2 |  2.8
Earth Magic    | 1 2 |  2.8
Poison Magic   | 1 2 |  2.8
Dodging        | 5 |  5.8
Stealth        | 5 |  5.5
Ice Magic      | |  7.7

Action                   |  1- 3 |  4- 6 |  7- 9 || total
-------------------------+-------+-------+-------++-------
Melee: Hand axe          |    21 |       |       ||    21
       Unarmed           |     1 |       |       ||     1
       Dagger            |    22 |   134 |   113 ||   269
       Bite              |     4 |    14 |    20 ||    38
       Punch             |       |     1 |     6 ||     7
 Cast: Freeze            |    10 |       |       ||    10
       Foxfire           |       |     4 |     6 ||    10
       Frozen Ramparts   |       |     7 |    12 ||    19
       Ozocubu's Armour  |       |     7 |     9 ||    16
Invok: Curse Item        |       |       |     1 ||     1
  Use: Potion            |       |       |     8 ||     8
 Stab: Sleeping          |    11 |    10 |     1 ||    22
       Distracted        |       |       |     2 ||     2
Armor: Robe              |     6 |    31 |    44 ||    81
Dodge: Dodged            |    29 |   101 |   174 ||   304
Block: Other             |       |       |     3 ||     3
